 Dungeon Crawl Stone Soup version 0.16-a0-764-g7febf84 (webtiles) character file.

53167 RobertPalmer the Destroyer (level 14, -7/71 (76) HPs)
             Began as an Octopode Ice Elementalist on Sept 23, 2014.
             Mangled by an acid blob (40 damage)
             ... on Level 1 of the Pits of Slime on Sept 24, 2014.
             The game lasted 02:19:03 (34362 turns).

RobertPalmer the Destroyer (OpIE)                  Turns: 34362, Time: 02:19:03

HP  -7/71 (76)   AC  0     Str  7      XL: 14   Next: 67%
MP  13/38        EV 20     Int 18      God:
Gold 2125        SH  8     Dex 17      Spells:  8 memorised,  2 levels left

rFire  + . .     SeeInvis .     a - +9 dagger of Cytwy {freeze, +Fly rF+ rC++ MR++}
rCold  + + +     Clarity  .     J - +2 buckler "Geni" {rElec}
rNeg   + . .     rCorr    +     D - +2 hat
rPois  .         rRot     .     v - amulet of resist corrosion
rElec  +         Spirit   .     E - ring of positive energy
SustAb .         Warding  .     N - ring of protection from cold
rMut   .         Stasis   .     M - +1 ring of evasion
Gourm  .                        Y - ring of regeneration
MR     ++++.                    Q - ring of magical power
                                Z - ring of wizardry
                                F - ring of protection from magic
                                (no ring)

@: about to teleport, corroded equipment, very slightly contaminated, repel
missiles, incredibly resistant to hostile enchantments, extremely stealthy
A: almost no armour, amphibious, 8 rings, constrict 8, slimy green scales 1,
camouflage 1, gelatinous body 1
a: Evoke Flight


You were on level 1 of the Pits of Slime.
You were hungry.

You visited 4 branches of the dungeon, and saw 25 of its levels.
You also visited: Sewer and Ossuary.

You collected 2125 gold pieces.


Innate Abilities, Weirdness & Mutations

You cannot wear most types of armour.
You are amphibious.
You can wear up to eight rings at the same time.
You can use your tentacles to constrict many enemies at once.
Your skin changes colour to match your surroundings (Stealth).
Your rubbery body absorbs attacks (AC +1).
You are partially covered in slimy green scales (AC +2).


   Skills:
 - Level 5.6 Short Blades
 - Level 10.1 Dodging
 + Level 14.6 Stealth
 - Level 7.0 Shields
 - Level 7.2 Spellcasting
 - Level 15.0 Conjurations
 - Level 7.7 Ice Magic
 - Level 3.5 Air Magic


You had 2 spell levels left.
You knew the following spells:

 Your Spells              Type           Power        Failure   Level  Hunger
a - Ozocubu's Armour      Chrm/Ice       ###.....     4%          3    ##.....
c - Mephitic Cloud        Conj/Pois/Air  ####....     1%          3    ##.....
d - Repel Missiles        Chrm/Air       ##....       4%          2    None
s - Swiftness             Chrm/Air       ##......     4%          2    None
x - Fireball              Conj/Fire      ####......   7%          5    #####..
y - Conjure Flame         Conj/Fire      ####....     1%          3    ##.....
z - Freeze                Ice            ####         1%          1    None
X - Freezing Cloud        Conj/Ice/Air   #####.....   21%         6    ######.

Inventory:

Hand weapons
 a - the +9 dagger of Cytwy (weapon) {freeze, +Fly rF+ rC++ MR++}
   (You found it on level 8 of the Dungeon)

   It has been specially enchanted to freeze those struck by it, causing extra
   injury to most foes and up to double damage against particularly susceptible
   opponents.
   It can also slow down cold-blooded creatures.
   It protects you from fire.
   It greatly protects you from cold.
   It affects your resistance to hostile enchantments.
   It lets you fly.
 b - a +0 blowgun
 T - a +6 dagger
Missiles
 d - 2 curare-tipped needles
 l - 50 poisoned needles
 y - 4 needles of frenzy
Armour
 D - a +2 hat (worn)
 J - the +2 buckler "Geni" (worn) {rElec}
   (You found it on level 7 of the Dungeon)

   It insulates you from electricity.
Magical devices
 e - a wand of disintegration (4)
 I - a wand of digging (9)
 L - a wand of polymorph (8)
 U - a wand of confusion (3)
Comestibles
 c - 8 bread rations
 j - 12 meat rations
 t - 11 fruits
Scrolls
 g - 2 scrolls of recharging
 i - 2 scrolls of holy word
 n - a scroll of immolation {!r}
 r - 9 scrolls of remove curse
 x - 6 scrolls of amnesia
 A - a scroll of vulnerability
 P - a scroll of enchant armour
 R - 3 scrolls of magic mapping
 W - 2 scrolls of teleportation
Jewellery
 q - an uncursed ring of fire
 u - an uncursed ring of teleportation
 v - an amulet of resist corrosion (around mantle)
 w - an uncursed amulet of resist mutation
 E - a ring of positive energy (left tentacle)
 F - a ring of protection from magic (on tentacle)
 M - a +1 ring of evasion (on tentacle)
 N - a ring of protection from cold (right tentacle)
 Q - a ring of magical power (on tentacle)
 Y - a ring of regeneration (on tentacle)
 Z - a ring of wizardry (on tentacle)
Potions
 f - 9 potions of curing
 m - a potion of haste
 o - 5 potions of magic
 p - 4 potions of restore abilities
 s - a potion of flight
 H - 2 potions of brilliance
 K - a potion of cure mutation
Books
 k - a book of Clouds
 z - the Volume of Attacks
   (You found it in a sewer)

   Spells                             Type                      Level
   Shock                              Conjuration/Air              1
   Bolt of Cold                       Conjuration/Ice              6
   *Freezing Cloud                    Conjuration/Ice/Air          6
   Poisonous Cloud                    Conjuration/Poison/Air       6
 G - a book of Fire
 O - a book of Air
Miscellaneous
 S - a lamp of fire

Dungeon Overview and Level Annotations

Branches:
Dungeon (13/15)            Temple (0/1) D:6             Orc (2/4) D:9
   Lair (8/8) D:9          Shoals (0/5) Lair:6       Spider (0/5) Lair:4
  Slime (2/6) Lair:6       Vaults (0/5) D:13

Altars:
Cheibriados
Fedhas
The Shining One
Beogh

Annotations:
D:8 exclusion: oklob sapling, Duvessa
Lair:4 Maud

# ....##.....##.#
#.###.####.........
...##.###..........
##......#...........
####.#....#............
##.#....................
##...#......#..#.........
#.................>......
#...J@................
##.##....................
#§§.......##..#.........#
#§§§.....##....##.....^..#
..§##.........##..........
#. ####.##.#####.....##.#
###### #......#...
##.##..##.. ####...###


You could see an acid blob.


Message History

The acid burns!
You resist.
Drink which item? (? for menu, Esc to quit)
Okay, then.
Read which item? (? for menu, Esc to quit)
Okay, then.
The floor.
There is a cloud of freezing vapour here.
The acid blob is engulfed in freezing vapours.
The acid blob is engulfed in freezing vapours.
Aiming: Fireball
Aim: an acid blob (moderately wounded)
You miscast Fireball.
Sparks fly from your tentacles! The acid blob spits acid at you.
The splash of acid hits you! You resist.
The acid burns!
You resist.
* * * LOW HITPOINT WARNING * * *
Aiming: Fireball
Aim: an acid blob (moderately wounded)
The fireball explodes!
The fireball engulfs the acid blob.
The acid blob is heavily wounded.
You hear a sizzling sound! x2
Aiming: Fireball
Aim: an acid blob (heavily wounded)
The fireball explodes!
The fireball engulfs the acid blob.
The acid blob is heavily wounded.
You are feeling hungry.
Read which item? (? for menu, Esc to quit)
As you read the scroll of teleportation, it crumbles to dust.
You feel strangely unstable. The acid blob hits you!!!
Ouch! That really hurt!
You die...

Action                   |  1- 3 |  4- 6 |  7- 9 | 10-12 | 13-15 || total
-------------------------+-------+-------+-------+-------+-------++-------
Melee: Unarmed           |    23 |       |       |       |       ||    23
       Dagger            |    29 |   218 |   331 |   636 |   906 ||  2120
       Short sword       |       |       |       |    64 |       ||    64
 Fire: Blowgun           |       |       |     9 |   156 |    54 ||   219
Throw: Throwing net      |       |       |       |     3 |       ||     3
 Cast: Freeze            |    15 |    15 |    22 |   202 |   227 ||   481
       Ozocubu's Armour  |       |     3 |     7 |    20 |    30 ||    60
       Conjure Flame     |       |       |       |    23 |    38 ||    61
       Repel Missiles    |       |       |       |     1 |     2 ||     3
       Freezing Cloud    |       |       |       |       |     9 ||     9
       Fireball          |       |       |       |       |    34 ||    34
       Mephitic Cloud    |       |       |       |       |     1 ||     1
 Abil: Evoke Teleportati |       |       |       |     1 |       ||     1
Evoke: Wand              |       |       |    18 |    24 |    23 ||    65
       Lamp of fire      |       |       |       |       |     2 ||     2
  Use: Scroll            |       |    11 |    13 |    23 |    17 ||    64
       Potion            |       |     2 |     4 |     7 |    13 ||    26
 Stab: Sleeping          |     6 |    16 |    34 |    61 |    38 ||   155
       Distracted        |     2 |       |     4 |     4 |     5 ||    15
       Confused          |       |       |     3 |     6 |       ||     9
       Invisible         |       |       |       |     4 |       ||     4
       Held in net/web   |       |       |       |     3 |       ||     3
  Eat: Chunk             |     3 |     4 |    16 |    34 |    45 ||   102
       Beef jerky        |       |     1 |     1 |     1 |     3 ||     6
       Fruit             |       |     1 |       |     3 |     7 ||    11
       Royal jelly       |       |     1 |       |     1 |       ||     2
       Bread ration      |       |       |       |     3 |     2 ||     5
       Pizza             |       |       |       |     2 |     1 ||     3

Vault maps used:
D:1:      dpeg_arrival_prison, serial_forest, infiniplex_forest_lined_ring,
          infiniplex_forest_straight_1, infiniplex_forest_straight_2,
          infiniplex_forest_clump_tiny, infiniplex_forest_straight_3,
          infiniplex_forest_straight_5, infiniplex_forest_join
D:2:      fedhas_altar_fruit_tree
D:3:      kennysheep_generic_room_7
D:4:      nicolae_ossuary_entry_giza
D:5:      first_bread, gup_sewer_entry_bowl, grunt_decor_arrowhead,
          dk_noncrumbling_4, lemuel_angel_altar, uniq_eustachio,
          uniq_prince_ribbit1, uniq_iyjb
D:6:      minmay_temple_entry_glassed_door, minmay_hedge_maze
D:7:      uniq_joseph, uniq_edmund, uniq_sigmund
D:8:      cheibrodos_beetle_habitat, hangedman_tree_tricks, uniq_duvessa
D:9:      erik_orc_3, minmay_lair_entry_lava, uniq_blork_the_orc
D:10:     uniq_erica, uniq_maurice
D:11:     uniq_nessos
D:13:     hangedman_vaults_entry_quadrant_bands
Orc:1:    serial_shops, nicolae_shop_behind_doors, minmay_orc_temple_b
Orc:2:    mines2_david
Lair:1:   infiniplex_staircase_pool, uniq_nergalle
Lair:2:   minmay_stone_trees_medium, beast_lair_carwin_2, grunt_megastairs_1,
          bh_autumn_forest_stairs
Lair:3:   kennysheep_basilisk_garden
Lair:4:   spider_nest_entry_rubble, uniq_maud
Lair:5:   kennysheep_catoblepas_arena
Lair:6:   shoals_dummy_entry, minmay_slime_entry_oklob_enclosed
Lair:7:   minivault_24, st_stairs_10, serial_bayou_lake_a
Lair:8:   hangedman_lair_tendril_chambers, lemuel_fruit_tree
Sewer:    sewer_frog_island_01
Ossuary:  ossuary_zaba_two_paths

Notes
Turn   | Place    | Note
--------------------------------------------------------------
     0 | D:1      | RobertPalmer, the Octopode Ice Elementalist, began the quest for the Orb.
     0 | D:1      | Reached XP level 1. HP: 11/11 MP: 3/3
   367 | D:1      | Reached XP level 2. HP: 12/17 MP: 0/4
  1032 | D:2      | Reached skill level 4 in Ice Magic
  1032 | D:2      | Reached XP level 3. HP: 14/21 MP: 1/6
  1812 | D:2      | Reached XP level 4. HP: 27/27 MP: 7/7
  1908 | D:2      | Found a blossoming altar of Fedhas.
  2506 | D:3      | Learned a level 3 spell: Ozocubu's Armour
  2540 | D:3      | Noticed a giant frog
  2717 | D:3      | Killed a giant frog
  2717 | D:3      | Reached skill level 5 in Ice Magic
  2717 | D:3      | Reached XP level 5. HP: 21/31 MP: 5/9
  3206 | D:4      | Reached skill level 6 in Ice Magic
  3243 | D:4      | Reached skill level 3 in Stealth
  3243 | D:4      | Reached XP level 6. HP: 25/36 MP: 8/10
  3270 | D:4      | Reached skill level 4 in Stealth
  3442 | D:4      | Found a sand-covered staircase.
  3445 | D:4      | Reached skill level 5 in Stealth
  3448 | Ossuary  | Entered an ossuary
  3899 | Ossuary  | Reached skill level 6 in Stealth
  4145 | Ossuary  | Reached skill level 1 in Short Blades
  4247 | Ossuary  | Reached XP level 7. HP: 33/41 MP: 12/12
  4277 | Ossuary  | Reached skill level 2 in Short Blades
  5048 | D:4      | Reached skill level 3 in Short Blades
  5246 | D:5      | Entered Level 5 of the Dungeon
  5458 | D:5      | Noticed Eustachio
  5549 | D:5      | Reached skill level 4 in Short Blades
  5709 | D:5      | Found a glowing drain.
  5713 | Sewer    | Entered a sewer
  5979 | Sewer    | Reached skill level 5 in Short Blades
  5992 | Sewer    | Identified the Volume of Attacks (You found it in a sewer)
  6000 | Sewer    | Reached XP level 8. HP: 30/46 MP: 13/13
  6186 | D:5      | Killed Eustachio
  6186 | D:5      | Reached skill level 7 in Stealth
  6293 | D:5      | Found a glowing golden altar of the Shining One.
  6294 | D:5      | Noticed an angel
  6451 | D:5      | HP: 5/69 [orc wizard/magic dart (6)]
  6710 | D:5      | Noticed Ijyb
  6712 | D:5      | Noticed Prince Ribbit
  6732 | D:5      | Killed Prince Ribbit
  6732 | D:5      | Reached skill level 9 in Stealth
  6738 | D:5      | Killed Ijyb
  6988 | D:6      | Reached skill level 10 in Stealth
  7023 | D:6      | Learned a level 6 spell: Freezing Cloud
  7482 | D:6      | Found a staircase to the Ecumenical Temple.
  7677 | D:7      | Reached skill level 7 in Ice Magic
  7677 | D:7      | Reached XP level 9. HP: 48/48 MP: 14/14
  7690 | D:7      | Noticed Sigmund
  7697 | D:7      | Killed Sigmund
  7887 | D:7      | Reached skill level 2 in Conjurations
  7990 | D:7      | Got a jewelled buckler
  7991 | D:7      | Identified the cursed +2 buckler "Geni" {rElec} (You found it on level 7 of the Dungeon)
  8021 | D:7      | Noticed Joseph
  8029 | D:7      | Reached skill level 1 in Shields
  8204 | D:7      | Killed Joseph
  8204 | D:7      | Reached skill level 3 in Shields
  8306 | D:7      | Reached skill level 4 in Shields
  8774 | D:7      | Noticed Edmund
  8782 | D:7      | Killed Edmund
  8806 | D:7      | Reached skill level 5 in Shields
  9071 | D:8      | Noticed a wandering mushroom
  9072 | D:8      | Killed a wandering mushroom
  9072 | D:8      | Reached skill level 6 in Shields
  9077 | D:8      | Noticed a wandering mushroom
  9078 | D:8      | Killed a wandering mushroom
  9082 | D:8      | Found a blossoming altar of Fedhas.
  9082 | D:8      | Noticed a wandering mushroom
  9082 | D:8      | Noticed a wandering mushroom
  9141 | D:8      | Reached skill level 7 in Shields
  9193 | D:8      | Reached XP level 10. HP: 44/51 MP: 16/16
  9199 | D:8      | Noticed Duvessa
  9199 | D:8      | Noticed Dowan
  9200 | D:8      | Killed Dowan
  9368 | D:8      | Reached skill level 3 in Conjurations
  9453 | D:8      | Reached skill level 4 in Conjurations
  9792 | D:8      | Found a snail-covered altar of Cheibriados.
 10607 | D:8      | Killed a wandering mushroom
 10627 | D:8      | Reached skill level 5 in Conjurations
 10918 | D:8      | Killed a wandering mushroom
 11502 | D:9      | Found a staircase to the Lair.
 11538 | D:9      | Reached skill level 6 in Conjurations
 12052 | D:9      | Reached skill level 7 in Conjurations
 12336 | D:9      | Found a staircase to the Orcish Mines.
 12690 | D:9      | Reached skill level 8 in Conjurations
 12699 | D:9      | Learned a level 3 spell: Conjure Flame
 12984 | D:9      | Noticed Blork the orc
 12990 | D:9      | Killed Blork the orc
 13126 | D:9      | Reached skill level 3 in Dodging
 13311 | Lair:1   | Entered Level 1 of the Lair of Beasts
 13311 | Lair:1   | Noticed Nergalle
 13314 | Lair:1   | Killed Nergalle
 13314 | Lair:1   | Reached skill level 4 in Dodging
 13336 | Lair:1   | Reached skill level 5 in Dodging
 13336 | Lair:1   | Reached XP level 11. HP: 51/56 MP: 15/17
 13371 | Lair:1   | Reached skill level 6 in Dodging
 13506 | D:9      | Reached skill level 7 in Dodging
 14300 | Lair:1   | Reached skill level 8 in Dodging
 14737 | Lair:1   | Noticed a seven-headed hydra
 15076 | D:10     | Entered Level 10 of the Dungeon
 15110 | D:10     | Noticed a hill giant
 15346 | D:10     | Noticed Maurice
 15348 | D:10     | Killed Maurice
 15348 | D:10     | Reached skill level 9 in Dodging
 15371 | D:10     | Noticed Erica
 15383 | D:10     | Killed Erica
 15815 | D:10     | Killed a hill giant
 15815 | D:10     | Reached skill level 10 in Dodging
 16333 | D:11     | Noticed Nessos
 16354 | D:11     | Killed Nessos
 16354 | D:11     | Reached skill level 9 in Conjurations
 16671 | D:11     | Reached XP level 12. HP: 40/61 MP: 18/18
 17608 | D:11     | Reached skill level 10 in Conjurations
 18641 | Lair:2   | Reached skill level 1 in Air Magic
 19032 | Lair:2   | Reached skill level 2 in Air Magic
 19433 | Lair:2   | Reached skill level 3 in Air Magic
 20390 | Lair:3   | Reached skill level 11 in Conjurations
 20910 | Lair:3   | Learned a level 2 spell: Repel Missiles
 21975 | Lair:4   | Found a hole to the Spider Nest.
 22232 | Lair:4   | Noticed Maud
 22273 | Lair:4   | HP: 6/61 [Maud/eveningstar of draining (15)]
 23058 | Lair:5   | Reached skill level 12 in Conjurations
 23234 | Lair:5   | Upgraded the game from 0.16-a0-747-geaeaf20 to 0.16-a0-764-g7febf84
 23744 | Lair:5   | Reached XP level 13. HP: 47/66 MP: 13/19
 24039 | Lair:5   | Reached skill level 13 in Conjurations
 24743 | Lair:5   | Identified a scroll of acquirement
 25491 | Lair:6   | Found a staircase to the Shoals.
 25822 | Lair:6   | Found a staircase to the Slime Pits.
 25960 | Lair:7   | Reached skill level 14 in Conjurations
 27294 | Lair:8   | Entered Level 8 of the Lair of Beasts
 27373 | Lair:8   | Reached skill level 11 in Stealth
 27971 | Lair:8   | Paralysed by a yellow wasp for 1 turns
 28024 | Lair:8   | Reached skill level 12 in Stealth
 28466 | Lair:8   | Reached skill level 13 in Stealth
 29065 | Lair:8   | Reached skill level 15 in Conjurations
 29065 | Lair:8   | Reached XP level 14. HP: 71/71 MP: 20/20
 29161 | Lair:8   | Gained mutation: You are partially covered in slimy green scales (AC +2). [potion of beneficial mutation]
 29262 | Lair:8   | Reached skill level 3 in Spellcasting
 29271 | Lair:8   | Learned a level 2 spell: Swiftness
 29761 | D:11     | Reached skill level 4 in Spellcasting
 30071 | D:11     | HP: 2/71 [red ugly thing (21)]
 30504 | D:12     | Reached skill level 5 in Spellcasting
 31446 | D:12     | Noticed a white very ugly thing
 31460 | D:12     | Killed a white very ugly thing
 31460 | D:12     | Reached skill level 6 in Spellcasting
 31566 | D:12     | Learned a level 5 spell: Fireball
 31718 | D:13     | Found a gate to the Vaults.
 32044 | D:13     | Reached skill level 7 in Spellcasting
 32365 | Orc:1    | Entered Level 1 of the Orcish Mines
 32444 | D:8      | Got a bloodstained dagger
 32445 | D:8      | Identified the +9 dagger of Cytwy {freeze, +Fly rF+ rC++ MR++} (You found it on level 8 of the Dungeon)
 32694 | Orc:1    | Learned a level 3 spell: Mephitic Cloud
 32914 | Orc:2    | Found a roughly hewn altar of Beogh.
 34121 | Slime:1  | Entered Level 1 of the Pits of Slime
 34130 | Slime:1  | Noticed an acid blob
 34212 | Slime:1  | Killed an acid blob
 34212 | Slime:1  | Reached skill level 14 in Stealth
 34351 | Slime:1  | Noticed an acid blob
 34362 | Slime:1  | Mangled by an acid blob

Vanquished Creatures
  An acid blob (Slime:1)
  A very ugly thing (D:12)
  2 hydras (Lair:7)
  Nessos (D:11)
  Erica (D:10)
  A centaur warrior (D:13)
  Nergalle (Lair:1)
  A deep elf knight (D:13)
  A fire crab (Lair:7)
  2 hill giants
  A griffon (Lair:8)
  A guardian serpent (Lair:8)
  5 oklob plants (Lair:6)
  A wolf spider (Lair:8)
  An ugly thing (D:11)
  A red wasp (Lair:8)
  A cyclops (D:13)
  4 black mambas
  Maurice (D:10)
  Joseph (D:7)
  11 spiny frogs
  10 komodo dragons
  A yaktaur (D:13)
  A polar bear (Lair:6)
  4 fire drakes
  2 trolls
  5 wandering mushrooms
  Prince Ribbit (D:5)
  A blink frog (Lair:8)
  12 slime creatures
  A boulder beetle (Lair:8)
  3 two-headed ogres (D:9)
  5 basilisks
  A tarantella (Lair:4)
  49 yaks
  A wyvern (Lair:8)
  4 deep elf magi
  Eustachio (D:5)
  A deep elf fighter (D:13)
  A shadow (D:12)
  A wraith (D:13)
  3 hungry ghosts
  A steam dragon (D:11)
  A warg (D:9)
  9 hippogriffs
  20 water moccasins
  Edmund (D:7)
  9 porcupines
  An ogre skeleton (D:12)
  An ice beast (D:11)
  2 spiders (Lair:8)
  3 phantoms
  2 black bears
  5 yellow wasps
  20 crocodiles
  A boggart (D:13)
  A manticore skeleton (D:12)
  8 orc warriors
  3 necrophages
  Sigmund (D:7)
  A boring beetle (Lair:7)
  20 giant frogs
  12 centaurs
  7 big kobolds
  A gnoll sergeant (D:8)
  Blork the orc (D:9)
  A wyvern skeleton (D:12)
  2 scorpions
  2 eyes of draining
  8 killer bees
  A troll zombie (D:10)
  6 electric eels
  3 crimson imps
  Dowan (D:8)
  10 hounds
  18 orc priests
  13 iguanas
  3 jellies
  22 orc wizards
  14 worker ants
  13 sheep (Lair:6)
  A killer bee zombie (D:11)
  8 big kobold zombies (Ossuary)
  Ijyb (D:5)
  A crocodile skeleton (D:12)
  2 mummies
  4 gnolls (D:8)
  19 adders
  64 green rats
  A scorpion zombie (D:6)
  7 giant mites
  2 shadow imps
  An inept item mimic (D:11)
  A worm (D:2)
  4 giant geckos
  3 oozes
  66 orcs
  7 spectral bats (Ossuary)
  6 ball pythons
  9 bats
  16 hobgoblins
  5 jackals
  31 kobolds
  8 quokkas
  3 bat simulacra (Ossuary)
  6 giant cockroaches
  10 giant newts
  A giant spore (D:12)
  4 gnoll zombies (Ossuary)
  12 goblins
  2 goblin simulacra (Ossuary)
  4 goblin zombies (Ossuary)
  4 hobgoblin zombies
  A jackal skeleton (D:6)
  5 kobold simulacra (Ossuary)
  2 kobold skeletons
  6 kobold zombies
  8 orc zombies
  20 rats
  4 rat simulacra (Ossuary)
  3 spectral goblins (Ossuary)
  3 spectral kobolds (Ossuary)
  A spectral rat (Ossuary)
  5 ballistomycetes (D:7)
  8 fungi
  A plant (Lair:8)
776 creatures vanquished.

Vanquished Creatures (collateral kills)
  2 spiny frogs (Lair:8)
  A hungry ghost (D:8)
  A necrophage (D:8)
  An ogre (D:8)
  2 killer bees (D:8)
  A crimson imp (D:8)
  A jelly (D:8)
  An adder (D:8)
  2 orcs (D:7)
12 creatures vanquished.

Vanquished Creatures (others)
  A red wasp (Lair:8)
  A wolf spider (Lair:8)
  A fire elemental (D:12)
  3 orcs
  A jackal (D:10)
  A kobold (D:7)
  A giant spore (D:7)
  5 fungi
  9 plants
23 creatures vanquished.

Grand Total: 811 creatures vanquished
